AoeStats
← slickbick

Arabia

509913099Analyzed
1v1 RM · 2d ago on Sep 28, 2026· 22m 56s· 2 players
Game mode
Random Map
Map size
Tiny (2 player)
Population
200
Speed
Normal
Resources
Standard
Victory
Conquest
Starting age
Dark Age
Ending age
Imperial Age
RankedLock teamsTeams togetherTeam positionsShared explorationLock speedFull tech treeHidden civsTurbo modeCheats
Victory
Defeat
🇺🇸 Jurchens · United States
1056
+18
🇮🇹 Saracens · Italy
1089
-18
slickbick
7:27 Loom
9:38 Feudal Age
10:13 Double-Bit Axe
20:40 Castle Age
Elficovich
6:25 Loom
9:43 Feudal Age
10:53 Double-Bit Axe
16:54 Fletching
22:49 Castle Age
21:00 Padded Archer Armor
Connection lost

Rejoining the realm…

Still unreachable

The connection could not be restored.

Session expired

The server has moved on; the page needs a fresh start.